 Dungeon Sprint DCSS version 0.30-a0-122-g2a1322497e (webtiles) character file.

Game seed: 13299590582809942375

54 dduke234 the Carver (level 6, -1/60 HPs)
             Began as a Demigod Fighter on Sept 15, 2022.
             Slain by a hornet (5 damage)
             ... in the Dungeon (Sprint VI: "Thunderdome").
             The game lasted 00:03:11 (383 turns).

dduke234 the Carver (Demigod Fighter)                Turns: 383, Time: 00:03:12

Health: -1/60      AC:  7    Str: 33    XL:     6   Next: 12%
Magic:  8/8        EV: 10    Int: 11    God:
Gold:   100        SH:  6    Dex: 22    Spells: 5/5 levels left

rFire   . . .      SeeInvis .    a - +0 long sword
rCold   . . .      Faith    .    c - +0 buckler
rNeg    + . .      Spirit   .    b - +0 scale mail
rPois   +          Reflect  .    (no helmet)
rElec   +          Harm     .    (no cloak)
rCorr   +          Rampage  .    (no gloves)
Will    .....      NoTele   +    (no boots)
Stlth   ..........               p - amulet "Zedesch" {Acrobat rElec rPois rF- Int+6}
HPRegen 0.20/turn                q - ring of Arrival {Drain rCorr Str+6 Dex+9 Slay+6}
MPRegen 0.11/turn                o - ring "Sousmoa" {rF+ rN+ rCorr Str+2 Int-5}

@: slowed, very slow
A: high MP 1, forlorn, divine attributes
a: no special abilities


You were in the Dungeon.
You visited 1 branch You collected 280 gold pieces.
You spent 180 gold pieces at shops.

Inventory:

Hand Weapons
 a - a +0 long sword (weapon)
Armour
 b - a +0 scale mail (worn)
 c - a +0 buckler (worn)
Jewellery
 i - the ring of the Moon {Drain Fly rPois rCorr Slay-5}
   (You bought it in a shop in the Dungeon)

   [ring of flight]

   Slay:      It affects your accuracy & damage with ranged weapons and melee
   (-5).
   rPois:     It protects you from poison.
   Fly:       It grants you flight.
   rCorr:     It protects you from acid and corrosion.
   Drain:     It drains your maximum health when unequipped.
 o - the ring "Sousmoa" (right hand) {rF+ rN+ rCorr Str+2 Int-5}
   (You bought it in a shop in the Dungeon)

   [ring of protection from fire]

   Str:       It affects your strength (+2).
   Int:       It affects your intelligence (-5).
   rF:        It protects you from fire.
   rN:        It protects you from negative energy.
   rCorr:     It protects you from acid and corrosion.
 p - the amulet "Zedesch" (around neck) {Acrobat rElec rPois rF- Int+6}
   (You bought it in a shop in the Dungeon)

   [amulet of the acrobat]

   It increases your evasion while moving and waiting.
   Int:       It affects your intelligence (+6).
   rF:        It makes you vulnerable to fire.
   rElec:     It insulates you from electricity.
   rPois:     It protects you from poison.
 q - the ring of Arrival (left hand) {Drain rCorr Str+6 Dex+9 Slay+6}
   (You bought it in a shop in the Dungeon)

   [ring of strength]

   Str:       It affects your strength (+6).
   Dex:       It affects your dexterity (+9).
   Slay:      It affects your accuracy & damage with ranged weapons and melee
   (+6).
   rCorr:     It protects you from acid and corrosion.
   Drain:     It drains your maximum health when unequipped.
Wands
 l - a wand of acid (5)
 m - a wand of iceblast (5)
Scrolls
 j - 4 scrolls of blinking
 n - 3 scrolls of butterflies
Potions
 d - a potion of might
 e - a potion of curing
 f - 3 potions of heal wounds
 g - 4 potions of haste
 h - 2 potions of magic
 k - a potion of resistance


   Skills:
 * Level 7.3 Fighting
 * Level 8.2 Long Blades
 + Level 5.8 Armour
 + Level 0.7 Dodging
 + Level 4.9 Shields


You had 5 spell levels left.
You didn't know any spells.
Your spell library was empty.

Dungeon Overview and Level Annotations

Branches:
Dungeon (1/1)

Shops:
D *[??*?*:[((!!!!


Innate Abilities, Weirdness & Mutations

You have an increased reservoir of magic. (+10% MP)
You shall have no god before yourself.
Your divine heritage dramatically boosts your attributes as you level up.


Message History

The orc warrior is severely wounded.
The orc warrior hits you with a +0 war axe.
You hit the orc warrior.
The orc warrior is almost dead.
The orc warrior barely misses you.
You hit the orc warrior.
You kill the orc warrior!
Your Fighting skill increases to level 7!
Your Long Blades skill increases to level 8!
You have reached level 6!
Your experience leads to a dramatic increase in your attributes!
Your base attributes are Str 21, Int 10, Dex 13.
Increase (S)trength, (I)ntelligence, or (D)exterity?
You feel stronger. x4
Things that are here:
a +0 war axe; a +0 chain mail A hornet comes into view.
The hornet buzzes angrily.
The hornet closely misses you. You block the hornet's attack.
The hornet closely misses you. The hornet completely misses you.
You hit the hornet but do no damage. The hornet stings you!
You block the hornet's attack.
You miss the hornet. The hornet stings you.
* * * LOW HITPOINT WARNING * * *
You slash the hornet!
The hornet is moderately wounded.
The hornet closely misses you. The hornet barely misses you.
You slash the hornet!
The hornet is heavily wounded.
The hornet stings you!
* * * LOW HITPOINT WARNING * * *
The hornet misses you. The hornet barely misses you.
The hornet barely misses you.
You slash the hornet!
The hornet is severely wounded.
The hornet stings you.
* * * LOW HITPOINT WARNING * * *
You feel yourself slow down. The hornet stings you.
You die...

#_......._# #_......._#
#_......._# ###.........###
#⌠...........⌠#
######.8.........8.#####
##.___......###......_._∩
###∩.[)...y.8.# #.8.)......
##.........@...###..........
#⌠......)...###...###.......
#⌠..........# #.<.# #.......
#⌠..........###...###.......
##.......[[....###..........
###∩...).[..8.# #.8........
##∩._..).)..###......___∩
######.8.........8.#####
#⌠...........⌠#


You could see a hornet.

Vanquished Creatures
  An orc warrior (D)
  Blork the orc (D)
  A wight (D)
  3 orc priests (D)
  Terence (D)
  An orc wizard (D)
  A gnoll (D)
  2 orcs (D)
  A goblin (D)
  A hobgoblin (D)
13 creatures vanquished.

Notes
Turn   | Place    | Note
-------+----------+-------------------------------------------
     0 | D        | dduke234 the Demigod Fighter began the quest for the Orb.
     0 | D        | Reached XP level 1. HP: 18/18 MP: 3/3
     4 | D        | Found Ganuczik's Staff Store.
     4 | D        | Found Mymoet's Magic Scroll Shop.
     5 | D        | Found Pail's Must-Have Magic.
     5 | D        | Found Anehog's Magic Scroll Shop.
     5 | D        | Round 1.
    11 | D        | Noticed Terence
    13 | D        | Found Ydotrul's Jewellery.
    13 | D        | Found Vydaetaq's Advanced Armour.
    14 | D        | Found Rieqeek's Identification Station.
    27 | D        | Reached skill level 2 in Long Blades
    32 | D        | Killed Terence
    33 | D        | Reached XP level 2. HP: 19/27 MP: 4/4
    34 | D        | Reached skill level 3 in Long Blades
    48 | D        | Bought a pitted pewter ring for 45 gold pieces
    48 | D        | Identified the ring of the Moon {Drain Fly rPois rCorr
                  | Slay-5} (You bought it in a shop in the Dungeon)
    48 | D        | Bought a flickering turquoise ring for 45 gold pieces
    48 | D        | Identified the ring "Sousmoa" {rF+ rN+ rCorr Str+2 Int-5}
                  | (You bought it in a shop in the Dungeon)
    48 | D        | Bought a twitching jade amulet for 45 gold pieces
    48 | D        | Identified the amulet "Zedesch" {Acrobat rElec rPois rF-
                  | Int+6} (You bought it in a shop in the Dungeon)
    48 | D        | Bought a bound marble ring for 45 gold pieces
    48 | D        | Identified the ring of Arrival {Drain rCorr Str+6 Dex+9
                  | Slay+6} (You bought it in a shop in the Dungeon)
    67 | D        | Arena points: 12 (+12) [x2]
    68 | D        | Reached XP level 3. HP: 10/34 MP: 5/5
   133 | D        | Round 2.
   154 | D        | Noticed Blork the orc
   171 | D        | Reached skill level 5 in Fighting
   171 | D        | Reached skill level 4 in Long Blades
   171 | D        | Reached XP level 4. HP: 31/42 MP: 6/6
   172 | D        | Killed Blork the orc
   173 | D        | Reached skill level 5 in Long Blades
   199 | D        | Found Sililam's Premium Goods.
   201 | D        | Reached skill level 6 in Long Blades
   201 | D        | Reached skill level 5 in Armour
   201 | D        | Reached XP level 5. HP: 29/50 MP: 7/7
   206 | D        | Found Jiodwe Imporgh's Miscellaneous Merchandise.
   206 | D        | Found Naf Akutuw's Basic Armour.
   207 | D        | Found Halux's Weapon Rack.
   212 | D        | Arena points: 54 (+42) [x3]
   271 | D        | Round 3.
   287 | D        | Reached skill level 7 in Long Blades
   304 | D        | Found Voegrogar's Do-It-Yourself Clinic.
   305 | D        | Found Ramor's Bottled Wisdom.
   305 | D        | Found Tustafet's Distillery.
   306 | D        | Found Miuse's Distillery.
   342 | D        | Noticed an orc warrior
   358 | D        | Killed an orc warrior
   359 | D        | Reached skill level 8 in Long Blades
   359 | D        | Reached XP level 6. HP: 26/60 MP: 8/8
   370 | D        | Noticed a hornet
   383 | D        | Slain by a hornet

Illustrated notes

Levels and vault maps discovered:
D:        arena_sprint

Skill      XL: |  1  2  3  4  5 |
---------------+----------------+-----
Fighting       | 4 5 6 7 |  7.3
Long Blades    | 2 3 4 6 8 |  8.2
Armour         | 3 4 5 |  5.8
Shields        | 3 4 |  4.9
Dodging        | |  0.7

Action                   |  1- 3 |  4- 6 || total
-------------------------+-------+-------++-------
Melee: Long sword        |    23 |    25 ||    48
  Use: Potion            |     2 |       ||     2
Armor: Scale mail        |     6 |     1 ||     7
Dodge: Dodged            |    10 |    16 ||    26
Block: Buckler           |     3 |     6 ||     9

Table legend: (Time is in decaauts)
 A = Elapsed time spent in this place.
 B = Non-inter-level travel time spent in this place.
 C = Inter-level travel time spent in this place.
 D = Time resting spent in this place.
 E = Time spent auto-exploring this place.
 F = Levels seen in this place.
 G = Mean time per level.
                   A        B        C        D        E       F      G
               +--------+--------+--------+--------+--------+-----+--------+
         Total |    398 |    398 |      0 |      0 |     60 |   1 |  398.0 |
       Dungeon |    398 |    398 |      0 |      0 |     60 |   1 |  398.0 |
               +--------+--------+--------+--------+--------+-----+--------+

Top non-repeatable levels by time:
       D: 398 daAuts
